 Dungeon Crawl Stone Soup version 0.30-b1-2-g02819fbbbe (webtiles) character file.

Game seed: 655329615133547318

3203 Ashen the Ogre Mage (level 9, -1/138 HPs)
             Began as an Ogre Summoner on Aug 16, 2023.
             Was a Believer of Sif Muna.
             Succumbed to a killer bee's poison
             ... on level 8 of the Dungeon.
             The game lasted 00:29:07 (8918 turns).

Ashen the Ogre Mage (Ogre Summoner)                 Turns: 8918, Time: 00:29:08

Health: -1/138     AC:  4    Str: 14    XL:     9   Next: 96%
Magic:  29/29      EV: 16    Int: 20    God:    Sif Muna [**....]
Gold:   426        SH:  0    Dex:  9    Spells: 10/23 levels left

rFire   . . .        v - +1 mace (protect)
rCold   . . .        (no shield)
rNeg    . . .        a - +0 robe
rPois   .            (helmet restricted)
rElec   .            d - +0 cloak
rCorr   .            (gloves unavailable)
SInv    .            (boots unavailable)
Will    .....        (no amulet) Stlth
                     k - +5 ring of evasion
HPRegen 0.43/turn    x - ring of magical power
MPRegen 0.21/turn

%: no passive effects
@: confused, berserking (expiring), lethally poisoned (-1 -> -18),
ambrosia-drunk, very quick
A: large, unfitting armour, tough skin 1
a: Renounce Religion, Channel Magic


You were on level 8 of the Dungeon.
You worshipped Sif Muna.
Sif Muna was pleased with you.
You visited 2 branches of the dungeon, and saw 9 of its levels.

You collected 426 gold pieces.

Inventory:

Hand Weapons
 v - a +1 mace of protection (weapon)
Missiles
 w - 2 throwing nets
Armour
 a - a +0 robe (worn)
 d - a +0 cloak (worn)
Jewellery
 k - a +5 ring of evasion (left hand)
 x - a ring of magical power (right hand)
Wands
 A - a wand of paralysis (3)
Scrolls
 c - 2 scrolls of vulnerability
 e - a scroll of blinking {unknown}
 f - 2 scrolls of summoning {unknown}
 g - 2 scrolls of poison
 h - a scroll of identify
 i - 2 scrolls of immolation
 n - 2 scrolls of noise {unknown}
 p - 3 scrolls of enchant armour {unknown}
 q - a scroll of acquirement
 s - 2 scrolls of magic mapping {unknown}
 u - 2 scrolls of fear {unknown}
 y - 2 scrolls of fog {unknown}
 z - 2 scrolls of silence
Potions
 b - a potion of magic
 l - a potion of lignification
 r - 2 potions of haste
 t - 2 potions of might


   Skills:
 + Level 6.9 Fighting
 + Level 4.7 Maces & Flails
 + Level 5.2 Dodging
 - Level 1.5 Stealth
 + Level 7.5 Spellcasting
 - Level 3.0 Hexes
 + Level 6.1 Summonings
 - Level 3.0 Air Magic


You had 10 spell levels left.
You knew the following spells:

 Your Spells              Type           Power      Damage    Failure   Level
a - Summon Small Mammal   Summ           100%       N/A       1%          1
b - Call Imp              Summ           64%        N/A       1%          2
c - Call Canine Familiar  Summ           32%        N/A       2%          3
d - Summon Guardian Gole  Hex/Summ       25%        N/A       4%          3
e - Summon Lightning Spi  Summ/Air       25%        N/A       14%         4

Your spell library contained the following spells:

 Spells                   Type           Power      Damage    Failure   Level
 Confusing Touch          Hex            19%        N/A       8%          3
 Kiss of Death            Conj/Necr      28%        2d7       9%          1
 Dispel Undead            Necr           7%         3d8       65%         4


Dungeon Overview and Level Annotations

Branches:
Dungeon (8/15)             Temple (1/1) D:5
   Lair: D:8-11

Altars:
Ashenzari
Cheibriados
Dithmenos
Elyvilon
Fedhas
Hepliaklqana
Kikubaaqudgha
Makhleb
Nemelex Xobeh
Okawaru
Qazlal
Sif Muna
Trog
Vehumet
Wu Jian
Xom
Yredelemnul
Zin
The Shining One

Shops:
D:8 !

Annotations:
D:7 2 transporters, rinqtmith's ghost, novice TrFi
D:8 Pikel


Innate Abilities, Weirdness & Mutations

You are too large for most types of armour.
You have tough skin. (AC +1)


Message History

The killer bee stings you.
* * * LOW HITPOINT WARNING * * *
The killer bee completely misses you. The killer bee stings you.
* * * LOW HITPOINT WARNING * * *
The killer bee closely misses you.
You bump into the tree.
You feel a strong urge to attack something.
You feel sick. The killer bee closely misses you. The killer bee stings you.
* * * LOW HITPOINT WARNING * * *
You are lethally poisoned!
The killer bee poisons you! The killer bee closely misses you.
The killer bee misses you.
You miss the killer bee.
* * * LOW HITPOINT WARNING * * *
You feel very sick. The killer bee barely misses you.
The killer bee closely misses you. The killer bee stings you.
* * * LOW HITPOINT WARNING * * *
The killer bee stings you.
* * * LOW HITPOINT WARNING * * *
You bump into the tree.
* * * LOW HITPOINT WARNING * * *
You feel sick. The killer bee stings you.
* * * LOW HITPOINT WARNING * * *
The killer bee misses you. The killer bee closely misses you.
The killer bee stings you.
* * * LOW HITPOINT WARNING * * *
The wyvern hisses menacingly.
The killer bee closely misses you. The killer bee misses you. x2
The killer bee stings you.
* * * LOW HITPOINT WARNING * * *
You completely miss the killer bee.
* * * LOW HITPOINT WARNING * * *
You feel sick. The killer bee misses you. The killer bee closely misses you.
The killer bee misses you. The killer bee stings you.
* * * LOW HITPOINT WARNING * * *
You are more poisoned.
The killer bee poisons you!
You bump into the tree.
You die... #.....# #.....# #.....# #.....# #.....# ##y#### #♣yy♣ ♣yyy♣

♣@♣..
♣.yKy♣yy~~...
♣.l5y5
♣.~~~♣.
♣...♣y♣
.~~♣... .♣.
.♣ ~.##### ♣♣
♣. .! ~## #.
.♣ ♣ .. ♣♣y♣
.♣.♣♣ #(♣♣
.♣.# ##.♣#


You could see Pikel, a wyvern, 2 lemures and 12 killer bees.

Vanquished Creatures
  2 water moccasins (D:7)
  A sky beast (D:6)
  An ice beast (D:7)
  A centaur (D:5)
  A phantom (D:5)
  6 bullfrogs
  A scorpion (D:4)
  A howler monkey (D:7)
  2 hounds
  An orc priest (D:4)
  2 jellies
  2 iguanas (D:4)
  4 gnolls
  3 adders
  2 white imps
  2 worms
  A dart slug (D:2)
  6 orcs
  6 ball pythons
  7 bats
  4 endoplasms
  7 giant cockroaches
  5 goblins
  4 hobgoblins
  2 jackals (D:1)
  3 frilled lizards
  5 kobolds
  2 rats
84 creatures vanquished.

Vanquished Creatures (collateral kills)
  Eustachio (D:5)
  2 water moccasins
  A black bear (D:7)
  A centaur (D:4)
  2 phantoms
  A kobold brigand (D:7)
  A wight (D:7)
  A howler monkey (D:2)
  2 orc priests
  2 hounds
  2 jellies (D:5)
  2 sleepcaps
  6 gnolls
  6 adders
  A shadow imp (D:5)
  A white imp (D:6)
  3 worms
  2 orcs
  4 ball pythons
  2 endoplasms (D:1)
  2 giant cockroaches (D:1)
  3 goblins (D:1)
  2 hobgoblins
  2 jackals (D:1)
  3 bats
  3 frilled lizards (D:3)
  4 kobolds
  A rat (D:1)
63 creatures vanquished.

Vanquished Creatures (others)
  Prince Ribbit (D:5)
  Menkaure (D:5)
  A black bear (D:6)
  Blork the orc (D:6)
  2 wights (D:7)
6 creatures vanquished.

Grand Total: 153 creatures vanquished

Notes
Turn   | Place    | Note
-------+----------+-------------------------------------------
     0 | D:1      | Ashen the Ogre Summoner began the quest for the Orb.
     0 | D:1      | Reached XP level 1. HP: 16/16 MP: 3/3
   118 | D:1      | Reached XP level 2. HP: 24/26 MP: 3/5
   249 | D:1      | Learned a level 2 spell: Call Imp
   400 | D:1      | Reached skill level 3 in Spellcasting
   507 | D:1      | Reached XP level 3. HP: 28/32 MP: 7/7
   573 | D:1      | Reached skill level 1 in Fighting
   963 | D:2      | Learned a level 3 spell: Call Canine Familiar
  1050 | D:2      | Reached XP level 4. HP: 41/41 MP: 4/9
  1074 | D:2      | Learned a level 3 spell: Summon Guardian Golem
  1545 | D:2      | Reached skill level 1 in Maces & Flails
  1727 | D:2      | Reached XP level 5. HP: 27/49 MP: 10/10
  2311 | D:3      | You fall into a shaft and drop 2 floors!
  2311 | D:5      | Entered Level 5 of the Dungeon
  2344 | D:5      | Reached skill level 4 in Spellcasting
  2350 | D:5      | Found a staircase to the Ecumenical Temple.
  2360 | D:5      | Noticed a phantom
  2375 | D:5      | Killed a phantom
  2376 | D:5      | Reached skill level 1 in Hexes
  2376 | D:5      | Reached XP level 6. HP: 29/59 MP: 5/12
  2380 | Temple   | Entered the Ecumenical Temple
  2386 | Temple   | Became a worshipper of Sif Muna the Loreminder
  3006 | D:3      | Found a hazy altar of Hepliaklqana.
  3587 | D:4      | Reached skill level 5 in Spellcasting
  3587 | D:4      | Reached XP level 7. HP: 29/67 MP: 10/14
  3723 | D:4      | Found an iron altar of Okawaru.
  3750 | D:4      | Reached * piety under Sif Muna
  4136 | D:4      | Learned a level 4 spell: Summon Lightning Spire
  4140 | D:4      | Found a burning altar of Makhleb.
  5087 | D:5      | Reached XP level 8. HP: 52/78 MP: 16/16
  5425 | D:5      | Noticed Prince Ribbit
  5427 | D:5      | Noticed Menkaure
  5454 | D:5      | Noticed Eustachio
  5467 | D:5      | HP: 3/78 [orc/boomerang (7)]
  5707 | D:5      | Killed Eustachio
  5708 | D:5      | Reached skill level 1 in Air Magic
  5818 | D:5      | Killed Prince Ribbit
  5819 | D:5      | Reached skill level 6 in Spellcasting
  5819 | D:5      | Reached skill level 5 in Summonings
  5834 | D:5      | Killed Menkaure
  5957 | D:5      | Reached skill level 5 in Fighting
  6125 | D:5      | Found a snail-covered altar of Cheibriados.
  6413 | D:6      | Reached XP level 9. HP: 88/88 MP: 18/18
  7000 | D:6      | Reached ** piety under Sif Muna
  7034 | D:6      | Noticed Blork the orc
  7055 | D:6      | Killed Blork the orc
  7438 | D:7      | Reached skill level 7 in Spellcasting
  8006 | D:7      | Found a transporter.
  8009 | D:7      | Noticed rinqtmith's ghost (novice TrFi)
  8014 | D:7      | Identified the +8 war axe "Qeluta" {speed, *Rage Fly Int+6}
  8054 | D:7      | Reached skill level 5 in Dodging
  8064 | D:7      | Noticed a moth of wrath
  8321 | D:7      | Identified a scroll of acquirement
  8481 | D:7      | Found a white marble altar of Elyvilon.
  8481 | D:7      | Found a glowing silver altar of Zin.
  8481 | D:7      | Found a glowing golden altar of the Shining One.
  8795 | D:7      | Found a transporter.
  8899 | D:8      | Found Qocokog's Distillery.
  8909 | D:8      | Noticed Pikel
  8916 | D:8      | HP: 3/138 [killer bee (4)]
  8917 | D:8      | HP: 1/138 [killer bee (4)]
  8918 | D:8      | Succumbed to a killer bee's poison

Illustrated notes

Levels and vault maps discovered:
D:1:      dpeg_arrival_rooms_with_view, layout_loops_ring
D:2:      layout_basic, serial_co_window_serial, co_window_of_opportunity_a,
          co_window_of_opportunity_a, co_window_corner_a, co_window_corner_a,
          co_window_corner_a, co_window_cross_3, co_window_broadway_a,
          co_window_corner_b, kennysheep_generic_room_7
D:3:      layout_rooms, mainiacjoe_overflow_24_doors, grunt_decor_clamped
D:4:      layout_basic, mainiacjoe_overflow_tiny_flanked, general_overflow_altar
D:5:      layout_basic, slow_altar_1, minmay_temple_entry_butterflies,
          uniq_menkaure, uniq_eustachio, uniq_prince_ribbit1
D:6:      layout_loops_ring, hangedman_abyss_or_decor_stagger,
          uniq_blork_the_orc
D:7:      layout_loops_corners, dreamdust_divine_triumvirate,
          gammafunk_ghost_berserking_beasts
D:8:      wad_woods_minihive, layout_basic, lair_entry_dummy, serial_shops,
          shop, uniq_pikel
Temple:   chequers_temple_sunken

Skill      XL: |  1  2  3  4  5  6  7  8  9 |
---------------+----------------------------+-----
Dodging        | 2 3 4 5 |  5.2
Spellcasting   | 3 4 5 6 7 |  7.5
Fighting       | 1 2 3 4 5 6 |  6.9
Summonings     | 4 5 6 |  6.1
Maces & Flails | 1 2 3 4 |  4.7
Hexes          | 1 2 3 |  3.0
Air Magic      | 2 3 |  3.0
Stealth        | |  1.5

Action                     |  1- 3 |  4- 6 |  7- 9 || total
---------------------------+-------+-------+-------++-------
  Melee: Unarmed           |    41 |       |       ||    41
         Punch             |     2 |     3 |     3 ||     8
         Club              |    29 |       |       ||    29
         Mace              |    40 |   136 |   263 ||   439
   Cast: Summon Small Mamm |     8 |     1 |       ||     9
         Call Imp          |     7 |     5 |     7 ||    19
         Call Canine Famil |     1 |    19 |    55 ||    75
         Summon Guardian G |       |       |     6 ||     6
    Use: Scroll            |       |       |    16 ||    16
         Potion            |       |       |     5 ||     5
   Stab: Sleeping          |     2 |     6 |     6 ||    14
         Distracted        |       |       |     2 ||     2
 Armour: Robe              |    49 |    47 |   133 ||   229
  Dodge: Dodged            |    95 |    71 |   280 ||   446
